 Dungeon Crawl Stone Soup version 0.31-a0-819-gf6de2f5ab6 (webtiles) character file.

Game seed: 10991342744406566000

321 qw the Shooter (level 6, -1/38 HPs)
             Began as a Gargoyle Hunter on Sept 23, 2023.
             Slain by an iguana (8 damage)
             ... on level 4 of the Dungeon.
             The game lasted 00:01:03 (2758 turns).

qw the Shooter (Gargoyle Hunter)                    Turns: 2758, Time: 00:01:04

Health: -1/38      AC: 11    Str: 15    XL:     6   Next: 46%
Magic:  6/6        EV: 11    Int:  9    God:
Gold:   96         SH:  0    Dex: 15    Spells: 5/5 levels left

rFire   . . .        Y - +0 shortbow
rCold   . . .        (shield currently unavailable)
rNeg    + . .        c - +0 leather armour
rPois   inf          (no helmet)
rElec   +            (no cloak)
rCorr   .            (no gloves)
SInv    .            (no boots)
Will    .....        (no amulet)
Stlth   ++           e - +4 ring of protection
HPRegen 0.26/turn    (no ring)
MPRegen 0.10/turn

%: no passive effects
@: no status effects
A: sickness immunity, AC +4, negative energy resistance 1, electricity
resistance, torment resistance 1, petrification resistance
a: no special abilities


You were on level 4 of the Dungeon.
You visited 1 branch of the dungeon, and saw 4 of its levels.

You collected 96 gold pieces.


Innate Abilities, Weirdness & Mutations

You are immune to sickness and miasma.
Your stone body is resilient. (AC +4)
You are immune to poison.
You resist negative energy. (rN+)
You are resistant to electric shocks. (rElec)
You are resistant to unholy torment.
You are immune to petrification.


   Skills:
 - Level 4.2 Fighting
 + Level 6.7 Ranged Weapons
 - Level 1.5 Dodging
 - Level 1.1 Stealth


You had 5 spell levels left.
You didn't know any spells.
Your spell library was empty.

Inventory:

Hand Weapons
 Y - a +0 shortbow (weapon)
Armour
 b - a +0 cloak
 c - a +0 leather armour (worn)
 h - a +0 ring mail
Jewellery
 e - a +4 ring of protection (left hand)
 j - a ring of protection from fire
Scrolls
 f - a scroll of identify {unknown}
Potions
 a - a potion of curing
 d - a potion of degeneration {unknown}
 g - 2 potions of heal wounds {unknown}
 i - 2 potions of mutation {unknown}
 k - a potion of might {unknown}

Dungeon Overview and Level Annotations

Branches:
Dungeon (4/15)
 Temple: D:4-7

Altars:

Annotations:
D:3 2 transporters, qw's ghost, amateur GrHu


Message History

Found an escape hatch in the ceiling.
Found a chain mail.
i - 2 white potions (gained 1)
Found a stone staircase leading up.
Enter note:
Enter note: An iguana comes into view.
You shoot an arrow.
The arrow hits the iguana but does no damage.
The iguana hisses angrily.
You hear a howl!
You shoot an arrow. The arrow closely misses the iguana.
A howler monkey comes into view.
You shoot an arrow. The arrow barely misses the iguana.
The howler monkey hoots and howls with incredible vigour!
The iguana barely misses you.
You shoot an arrow. The arrow hits the iguana.
The iguana is lightly wounded.
The howler monkey closely misses you. The iguana bites you.
The howler monkey hits you. The iguana bites you!
You shoot an arrow. The arrow hits the iguana.
The iguana is lightly wounded.
The howler monkey hits you but does no damage.
The iguana closely misses you.
You shoot an arrow. The arrow completely misses the iguana.
The howler monkey hits you but does no damage.
The iguana bites you.
You shoot an arrow. The arrow completely misses the iguana.
The howler monkey hits you.
The iguana bites you but does no damage.
The howler monkey barely misses you.
You shoot an arrow. The arrow hits the iguana.
The iguana is moderately wounded.
The howler monkey hits you but does no damage.
The iguana bites you!
You shoot an arrow. The arrow hits the iguana.
The iguana is heavily wounded.
The howler monkey hoots and howls with incredible vigour!
The iguana bites you!
You die...

#................................
#.#######..########..#####.#.....
#.# #............# #.#.#### #.#
#............## #.#.# #.#
#.#.............# #.#.# #.#
#.#.###########.####%#.# #.#
#.#.# #<#.. #.#......#### #.##.
#.#.###.#h### #.#.##.......
#.##.##.#.#.....@.# #.#.#########
#.##.##.#.#...#.#l# #.#.#
#.##.#....#####.#.# #.#.#
#.##............#.. #.#.#
#.##....###########.#.#.#
#.##.[......... .#.#.#
#.##....####### #.#.#
#.##......... #.#.#
#.....###############.#%#


You could see a howler monkey (catching breath) and an iguana.

Vanquished Creatures
  A black bear (D:4)
  2 hounds (D:4)
  An iguana (D:4)
  8 adders
  2 dart slugs (D:2)
  A worm (D:3)
  An orc (D:3)
  5 endoplasms
  5 giant cockroaches
  7 goblins
  4 hobgoblins
  9 jackals
  2 kobolds
  A quokka (D:2)
  2 ball pythons (D:1)
  7 bats
  2 frilled lizards
  6 rats
66 creatures vanquished.

Notes
Turn   | Place    | Note
-------+----------+-------------------------------------------
     0 | D:1      | qw the Gargoyle Hunter began the quest for the Orb.
     0 | D:1      | Reached XP level 1. HP: 12/12 MP: 1/1
     0 | D:1      | 0 ||| qw: Version: 0.3-a-83-gcd0e7d8
     0 | D:1      | 0 ||| qw: Game counter: 1668
     0 | D:1      | 0 ||| qw: Melee chars always use a shield: true
     0 | D:1      | 0 ||| qw: God list: Okawaru
     0 | D:1      | 0 ||| qw: Allow faded altars: false
     0 | D:1      | 0 ||| qw: Do Orc after clearing Dungeon:15 true
     0 | D:1      | 0 ||| qw: Do second Lair branch before Depths: true
     0 | D:1      | 0 ||| qw: Lair rune preference: random
     0 | D:1      | 0 ||| qw: Goals: Normal
     0 | D:1      | 0 ||| PLANNING D:1-11
    95 | D:1      | Reached XP level 2. HP: 15/17 MP: 2/2
   372 | D:1      | Reached XP level 3. HP: 21/21 MP: 3/3
   558 | D:1      | Found a faded altar of an unknown god.
   562 | D:1      | Reached skill level 5 in Ranged Weapons
   748 | D:1      | 748 ||| UPGRADING to +4 ring of protection.
   749 | D:1      | 749 ||| READING scroll labelled DUNERE FAUCI.
   750 | D:1      | 750 ||| DROPPING scroll of butterflies.
   847 | D:2      | 847 ||| READING scroll labelled TIETWO LENGU.
   848 | D:2      | 848 ||| FLEEEEING.
   849 | D:2      | 849 ||| FLEEEEING.
  1091 | D:2      | Reached skill level 3 in Fighting
  1091 | D:2      | Reached XP level 4. HP: 28/28 MP: 4/4
  1374 | D:2      | 1374 ||| READING scroll labelled JETZUT LEACEM.
  1395 | D:2      | 1395 ||| DRINKING 3 grey potions.
  1396 | D:2      | 1396 ||| DRINKING 2 bubbling blue potions.
  1397 | D:2      | 1397 ||| DROPPING potion of magic.
  1891 | D:3      | Found a transporter.
  1896 | D:3      | Noticed qw's ghost (amateur GrHu)
  1979 | D:3      | Found a transporter.
  2141 | D:3      | Reached XP level 5. HP: 32/32 MP: 5/5
  2252 | D:3      | 2252 ||| READING scroll labelled VOBBUFF LISCH.
  2253 | D:3      | 2253 ||| READING scroll labelled CUZEOF TEIM.
  2254 | D:3      | 2254 ||| READING scroll labelled DEZUHU ZIFU.
  2255 | D:3      | 2255 ||| READING scroll labelled HUGICL PURPHETE.
  2256 | D:3      | 2256 ||| READING scroll labelled LUATICK YMMO.
  2257 | D:3      | 2257 ||| DRINKING 2 sedimented grey potions.
  2258 | D:3      | 2258 ||| DRINKING 2 potions of curing.
  2258 | D:3      | 2258 ||| (to cure confusion)
  2259 | D:3      | 2259 ||| DROPPING potion of ambrosia.
  2324 | D:4      | Reached skill level 6 in Ranged Weapons
  2504 | D:4      | Reached XP level 6. HP: 28/38 MP: 6/6
  2583 | D:4      | Noticed a black bear
  2591 | D:4      | Killed a black bear
  2757 | D:4      | HP: 7/38 [iguana (10)]
  2758 | D:4      | Slain by an iguana

Levels and vault maps discovered:
D:1:      tarquinn_simple_flora_water_a, layout_basic,
          shapermc_ecumenical_altar_pompeii
D:2:      layout_basic, serial_bayou_pond_c, minmay_stone_trees_small,
          minmay_vboxes
D:3:      layout_basic, gammafunk_ghost_arena
D:4:      layout_basic, nicolae_tso_besieged_by_evil, uniq_robin

Skill      XL: |  1  2  3  4  5 |
---------------+----------------+-----
Ranged Weapons | 5 6 |  6.7
Fighting       | 3 4 |  4.2
Dodging        | |  1.5
Stealth        | |  1.1

Action                     |  1- 3 |  4- 6 || total
---------------------------+-------+-------++-------
   Fire: Shortbow          |    98 |   150 ||   248
    Use: Scroll            |     2 |     6 ||     8
         Potion            |       |     4 ||     4
 Armour: Leather armour    |    41 |    65 ||   106
  Dodge: Dodged            |    53 |    39 ||    92

Table legend:
 A = Non-vault XP
 B = Vault XP
 C = Vault XP percentage of total XP
 D = Non-vault monster count
 E = Vault monster count
 F = Vault count percentage of total count
                 A         B        C        D         E       F
            +---------+---------+-------+---------+---------+-------
      Total |     434 |      25 |   5.4 |      59 |       7 |  10.6
            +---------+---------+-------+---------+---------+-------
        D:1 |      40 |       0 |   0.0 |      23 |       0 |   0.0
        D:2 |      48 |      21 |  30.4 |      14 |       4 |  22.2
        D:3 |      70 |       0 |   0.0 |      13 |       0 |   0.0
        D:4 |     276 |       4 |   1.4 |       9 |       3 |  25.0
            +---------+---------+-------+---------+---------+-------
